 Dungeon Crawl Stone Soup version 0.30.0-5-g1a98f26d00 (webtiles) character file.

Game seed: 5309632918160347341

49 Jarnaxa the Chopper (level 3, 0/33 HPs)
             Began as a Hill Orc Monk on May 11, 2023.
             Was an Initiate of Yredelemnul.
             Killed from afar by an orc wizard (7 damage)
             ... with a magic dart
             ... on level 2 of the Dungeon.
             The game lasted 00:04:03 (1532 turns).

Jarnaxa the Chopper (Hill Orc Monk)                 Turns: 1532, Time: 00:04:04

Health: 0/33       AC:  3    Str: 15    XL:     3   Next: 75%
Magic:  3/3        EV: 12    Int: 10    God:    Yredelemnul [......]
Gold:   118        SH:  0    Dex: 13    Spells: 2/2 levels left

rFire   . . .        a - +0 hand axe
rCold   . . .        d - orb {light}
rNeg    . . .        b - +0 robe
rPois   .            (no helmet)
rElec   .            l - +0 cloak
rCorr   .            (no gloves)
SInv    .            (no boots)
Will    .....        (no amulet)
Stlth   +            (no ring)
HPRegen 0.25/turn    (no ring)
MPRegen 0.08/turn

%: no passive effects
@: glowing
A: no striking features
a: Renounce Religion, Recall Undead Harvest


You were on level 2 of the Dungeon.
You worshipped Yredelemnul.
Yredelemnul was noncommittal.
You visited 1 branch of the dungeon, and saw 2 of its levels.

You collected 118 gold pieces.

Inventory:

Hand Weapons
 a - a +0 hand axe (weapon)
Armour
 b - a +0 robe (worn)
 d - an orb of light (worn)
 l - a +0 cloak (worn)
Jewellery
 j - a ring of magical power
Wands
 g - a wand of charming (10)
Scrolls
 e - a scroll of magic mapping {unknown}
 f - 2 scrolls of teleportation {unknown}
 h - 2 scrolls of identify {unknown}
 k - a scroll of fog {unknown}
Potions
 c - a potion of ambrosia
 i - 2 potions of cancellation {unknown}
 m - 2 potions of curing {unknown}
 n - a potion of flight {unknown}
 o - a potion of mutation {unknown}
 p - a potion of resistance {unknown}


   Skills:
 + Level 4.2 Fighting
 + Level 5.2 Axes
 + Level 2.7 Dodging
 + Level 0.2 Stealth


You had 2 spell levels left.
You didn't know any spells.
Your spell library contained the following spells:

 Spells                   Type           Power      Damage    Failure   Level
 Sting                    Tmut/Pois      0%         1d3       36%         1
 Poisonous Vapours        Pois/Air       0%         N/A       50%         2
 Olgreb's Toxic Radiance  Pois           0%         N/A       98%         4


Dungeon Overview and Level Annotations

Branches:
Dungeon (2/15)

Altars:
Yredelemnul

Shops:
D:1 *


Message History

The orc wizard gestures at you while chanting.
You are more confused.
The orc wizard barely misses you.
The orc wizard hits you with a +0 short sword.
The orc wizard hits you with a +0 short sword.
The orc wizard closely misses you.
The orc wizard hits you with a +0 short sword.
The orc wizard gestures at you while chanting.
The puff of flame misses you.
The orc wizard hits you but does no damage.
Are you sure you want to stumble around while confused and next to your giant cockroach zombie? [Y]es or [N]o only, please.
Are you sure you want to stumble around while confused and next to your giant cockroach zombie? [Y]es or [N]o only, please.
Are you sure you want to stumble around while confused and next to your giant cockroach zombie?
The orc wizard attacks as you move away!
The orc wizard hits you with a +0 short sword.
The orc wizard points at you and mumbles some strange words.
The magic dart hits your giant cockroach zombie!
Your giant cockroach zombie is destroyed!
The orc wizard hits you with a +0 short sword.
You're too confused to move!
The orc wizard hits you with a +0 short sword.
You bump into the rock wall.
The orc wizard closely misses you. The orc wizard completely misses you.
You completely miss the orc wizard.
The orc wizard is moderately wounded.
The orc wizard closely misses you.
You feel less confused. The orc wizard casts a spell at you.
The puff of flame hits you.
* * * LOW HITPOINT WARNING * * *
The orc wizard hits you with a +0 short sword.
* * * LOW HITPOINT WARNING * * *
You hit the orc wizard.
The orc wizard is heavily wounded.
The orc wizard casts a spell at you. The magic dart hits you!
You die...
Your body rises from the dead as a mindless zombie.

.........#
############## ## ###
### ##.##..#.#.# #..
#####...#.##.#.# ##'
........#....#.#####.
................... #
#........##.#####.
#.#....#......# ##
#..@...##....##### #
####o..#.........# #
#.o#.###.######## #
#..#.###.# #..#.....#
...####### .... .....
#.....


You could see an orc wizard.

Vanquished Creatures
  2 dart slugs
  2 orcs (D:2)
  5 ball pythons
  3 endoplasms (D:1)
  4 giant cockroaches
  4 goblins (D:1)
  2 hobgoblins
  3 quokkas
  5 bats
  2 rats (D:1)
32 creatures vanquished.

Vanquished Creatures (collateral kills)
  A ball python (D:1)
  2 quokkas (D:1)
  A bat (D:1)
4 creatures vanquished.

Vanquished Creatures (others)
  2 giant cockroach zombies (D:2)
  2 orc zombies (D:2)
4 creatures vanquished.

Grand Total: 40 creatures vanquished

Notes
Turn   | Place    | Note
-------+----------+-------------------------------------------
     0 | D:1      | Jarnaxa the Hill Orc Monk began the quest for the Orb.
     0 | D:1      | Reached XP level 1. HP: 19/19 MP: 1/1
    31 | D:1      | Found Fusalige's General Store.
   118 | D:1      | Found a faded altar of an unknown god.
   125 | D:1      | Reached XP level 2. HP: 26/27 MP: 2/2
   292 | D:1      | Prayed at the altar of an unknown god.
   292 | D:1      | Became a worshipper of Yredelemnul the Dark
   292 | D:1      | Reached * piety under Yredelemnul
   292 | D:1      | Reached ** piety under Yredelemnul
   526 | D:1      | Reached XP level 3. HP: 30/33 MP: 3/3
   528 | D:1      | Reached *** piety under Yredelemnul
  1175 | D:2      | Reached skill level 5 in Axes
  1221 | D:2      | Noticed Sigmund
  1532 | D:2      | Killed from afar by an orc wizard

Illustrated notes

Levels and vault maps discovered:
D:1:      minmay_arrival_up_and_down, layout_basic, serial_shops, shop,
          hellmonk_ecumenical_altar_lost_god, minmay_tiny_reverse_x
D:2:      layout_basic, chequers_serial_rivers_small_b, roderic_roman_lattice,
          uniq_crazy_yiuf_cottage, uniq_sigmund

Skill      XL: |  1  2  3 |
---------------+----------+-----
Fighting       | 4 |  4.2
Axes           | 5 |  5.2
Dodging        | |  2.7
Stealth        | |  0.2

Action                     || total
---------------------------++-------
  Melee: Hand axe          ||   105
 Invoke: Recall Undead Har ||     2
 Armour: Robe              ||    26
  Dodge: Dodged            ||    83
